AoeStats
← kV0t3

Oasis

509491179Analyzed
3v3 RM · 4d ago on Sep 27, 2026· 23m 50s· 6 players
Game mode
Random Map
Map size
Normal (6 player)
Population
200
Speed
Normal
Resources
Standard
Victory
Conquest
Starting age
Dark Age
Ending age
Imperial Age
RankedLock teamsTeams togetherTeam positionsShared explorationLock speedFull tech treeHidden civsTurbo modeCheats
Victory
Defeat
🇦🇷 Saracens · Argentina
1396
+17
🇦🇷 Huns · Argentina
1384
+18
🇦🇷 Goths · Argentina
1350
+19
1439
-18
🇳🇿 Franks · New Zealand
1427
-18
🇳🇿 Berbers · New Zealand
1411
-18
[@LLNET]ZADBACK
6:00 Loom
8:27 Feudal Age
8:53 Double-Bit Axe
10:04 Horse Collar
16:20 Gold Mining
19:48 Castle Age
18:44 Bloodlines
20:32 Husbandry
20:46 Bow Saw
22:16 Forging
22:14 Scale Barding Armor
kV0t3
0:25 Loom
9:28 Feudal Age
9:33 Man-at-Arms
10:40 Double-Bit Axe
17:49 Wheelbarrow
21:42 Castle Age
22:37 Bow Saw
22:07 Horse Collar
22:19 Gold Mining
ZIZOU
7:10 Loom
9:12 Feudal Age
9:52 Double-Bit Axe
13:06 Fletching
21:36 Padded Archer Armor
21:22 Horse Collar
21:34 Gold Mining
24:58 Castle Age
cedric
7:02 Loom
9:14 Feudal Age
10:04 Double-Bit Axe
11:08 Horse Collar
19:15 Town Watch
22:20 Castle Age
21:04 Forging
21:25 Gold Mining
21:51 Bloodlines
22:07 Scale Barding Armor
23:39 Wheelbarrow
23:15 Bow Saw
Gerald
7:51 Loom
10:25 Feudal Age
13:16 Loom
13:48 Scale Barding Armor
14:38 Forging
22:55 Wheelbarrow
22:25 Double-Bit Axe
25:12 Castle Age
Non-Threatening Post-Imp Militia
6:17 Loom
8:59 Feudal Age
10:12 Double-Bit Axe
16:10 Fletching
20:36 Horse Collar
Connection lost

Rejoining the realm…

Still unreachable

The connection could not be restored.

Session expired

The server has moved on; the page needs a fresh start.